Cogmind - Beta 13 @@@ ROGUE MODE // 2024.04.01 @ 20:45:38 Player: chexo4 Result: Self-destructed Performance ------------- Evolutions (1) 500 Regions Visited (3) 600 Robots Destroyed (22) 110 Value Destroyed (300) 300 Prototype IDs (0) 0 Alien Tech Used (0) 0 Bonus (0) 0 TOTAL SCORE: 1510 Bonus ------- None Cogmind --------- Core Integrity 306/400 Matter 261/300 Energy 74/100 System Corruption 0% Temperature Cool (30) Movement Core (400) Ox7 Location -9/Materials Parts ------- > --- POWER (1) -------- (None) > --- PROPULSION (4) --- (None) > --- UTILITY (2) ------ Large Storage Unit > --- WEAPON (2) ------- Medium Laser > --- INVENTORY (15) --- (None) Peak State ------------ > --- POWER ------------ Ion Engine > --- PROPULSION ------- Light Treads Light Treads > --- UTILITY ---------- Small Storage Unit Improved Terrain Scanner > --- WEAPON ----------- Rocket Launcher Mining Laser > --- INVENTORY -------- Medium Laser [Rating: 10] Favorites ----------- Power Ion Engine Engine Ion Engine Propulsion Light Treads Treads Light Treads Utility Improved Terrain Scanner Device Improved Terrain Scanner Storage Small Storage Unit Weapon Mining Laser Energy Gun Medium Laser Launcher Rocket Launcher Special Weapon Mining Laser Build | -11 -10 -10 -9 ------- Run | Yrd Mat Min Mat Slots Evolved 2 | . . . 2 Power . | . . . . Propulsion 2 | . . . 2 Utility . | . . . . Weapon . | . . . . Parts Attached 11 | 8 . 1 2 Power 1 | 1 . . . Engine 1 | 1 . . . Core . | . . . . Reactor . | . . . . Propulsion 2 | 2 . . . Treads 2 | 2 . . . Leg . | . . . . Wheel . | . . . . Hover . | . . . . Flight . | . . . . Utility 3 | 2 . . 1 Device 1 | 1 . . . Storage 2 | 1 . . 1 Processor . | . . . . Hackware . | . . . . Protection . | . . . . Artifact . | . . . . Weapon 5 | 3 . 1 1 Energy Gun 3 | 2 . . 1 Energy Cannon . | . . . . Ballistic Gun . | . . . . Ballistic Cannon . | . . . . Launcher 1 | . . 1 . Special Weapon 1 | 1 . . . Impact Weapon . | . . . . Slashing Weapon . | . . . . Piercing Weapon . | . . . . Special Melee Weapon . | . . . . Unidentified Prototypes . | . . . . Parts Lost 6 | . . . 6 Power 1 | . . . 1 Propulsion 2 | . . . 2 Utility 1 | . . . 1 Weapon 2 | . . . 2 Highest Loss Streak 4 | . . . 4 To Critical Strikes . | . . . . Average Slot Usage (%) 91 | . 100 100 70 Engine 12 | . 14 14 8 Treads 25 | . 28 28 20 Device 13 | . 14 14 11 Storage 13 | . 14 14 11 Energy Gun 5 | . 14 . . Launcher 8 | . . 13 10 Special Weapon 12 | . 14 14 8 Naked Turns . | . . . . Heaviest Build 31 | 14 14 16 31 Greatest Support 40 | 40 40 40 40 Greatest Overweight (x) 1 | . . . 1 Average Overweight (x) . | . . . . Largest Inventory Capacity 15 | 8 8 8 15 Average Capacity 9 | 7 8 8 14 Most Carried 3 | 2 3 1 2 Average Carried . | . . . . Final Capacity 15 | 8 8 8 15 Final Carried 1 | . . 1 . Class Distribution -------------------- 100% | Mutant Dominant Class ---------------- Mutant | -10/Materials Mutant | -10/Mines Mutant | -9/Materials Resources | -11 -10 -10 -9 ----------- Run | Yrd Mat Min Mat Matter Collected 348 | 252 . . 96 Remotely . | . . . . Salvage Created 342 | 89 3 . 250 Parts 31 | 10 . . 21 Haulers Intercepted . | . . . . Recyclers Shooed 2 | . . . 2 Parts Field Recycled . | . . . . Retrieved Matter . | . . . . Parts Self-Destructed . | . . . . Prevented . | . . . . Kills | -11 -10 -10 -9 ------- Run | Yrd Mat Min Mat Combat Hostiles Destroyed 9 | . . . 9 AOE 9 | . . . 9 Classes Destroyed 7 | 2 1 . 4 Worker 4 | . 1 . 3 Builder 4 | . . . 4 Tunneler 3 | 3 . . . Recycler 2 | 1 . . 1 Swarmer 4 | . . . 4 Grunt 2 | . . . 2 Sentry 3 | . . . 3 Best Kill Streak 12 | 2 1 . 12 Combat Bots Only 6 | . . . 6 Max Kills in Single Turn 3 | 1 1 . 3 Gunslinging . | . . . . Exploded 3 | . . . 3 Melee . | . . . . Uniques/NPCs Destroyed . | . . . . Combat | -11 -10 -10 -9 -------- Run | Yrd Mat Min Mat Hostile Shots Fired 60 | . . . 60 Missed 23 | . . . 23 Damage Taken 628 | . . . 628 Core 94 | . . . 94 Absorbed by Shields . | . . . . Core Remaining (%) 100 | 100 . 100 . Volleys Fired 30 | 6 1 . 23 Largest 2 | 2 1 . 1 Hottest 100 | 100 50 . 100 Shots Fired 32 | 8 1 . 23 Gun 18 | 8 1 . 9 Cannon . | . . . . Launcher 12 | . . . 12 Special 2 | . . . 2 Kinetic . | . . . . Thermal 20 | 8 1 . 11 Explosive 12 | . . . 12 Electromagnetic . | . . . . Robot Hit Streak 5 | 2 . . 5 Robot Miss Streak 6 | 1 2 . 6 Penetration Max . | . . . . Secondary Targets . | . . . . Shots Hit Robots 15 | 4 . . 11 Core Hits 31 | 4 . . 27 Critical Kills . | . . . . Critical Parts Destroyed . | . . . . Critical Strikes . | . . . . Melee Attacks . | . . . . Impact . | . . . . Slashing . | . . . . Piercing . | . . . . Sneak Attacks . | . . . . Combat Hostiles . | . . . . Follow-up Attacks . | . . . . Damage Inflicted 1216 | 100 20 4 1092 Guns 151 | 64 . . 87 Cannons . | . . . . Explosions 1005 | . . . 1005 Melee . | . . . . Ramming 60 | 36 20 4 . Kinetic . | . . . . Thermal 151 | 64 . . 87 Explosive 1005 | . . . 1005 Electromagnetic . | . . . . Impact . | . . . . Slashing . | . . . . Piercing . | . . . . Highest Corruption 2 | . 2 2 . Average Corruption 2 | . 2 2 . Corruption Purged . | . . . . Corruption Blocked . | . . . . Effects 6 | . 1 5 . Message Errors 1 | . . 1 . Matter Fused 1 | . . 1 . Data Loss (minor) 2 | . . 2 . Data Loss (major) 2 | . 1 1 . Overload Shots . | . . . . Overflow Damage 47 | . . . 47 Projectiles . | . . . . Explosions 47 | . . . 47 Melee . | . . . . Knockbacks . | . . . . Impact . | . . . . Kinetic . | . . . . Secondary . | . . . . Self-Inflicted Damage 133 | . . . 133 Shots 4 | . . . 4 Rammed 15 | 10 4 1 . Targets Rammed 18 | 12 5 1 . Kicked . | . . . . Crushed 3 | 2 1 . . Highest Temperature 39 | 39 10 . 36 Average Temperature 14 | 14 7 . 14 Received Heat Transfer 207 | . . . 207 Siege Activations . | . . . . Robots Corrupted . | . . . . Combat Hostiles . | . . . . Parts Fried . | . . . . Impact Corruptions . | . . . . Robots Melted . | . . . . Combat Hostiles . | . . . . Parts Melted . | . . . . Heat Transferred 444 | 185 . . 259 Parts Sabotaged . | . . . . Parts Stolen . | . . . . Parts Stripped . | . . . . Power Chain Reactions . | . . . . Alert | -11 -10 -10 -9 ------- Run | Yrd Mat Min Mat Peak Influence 314 | 20 34 . 314 Initial 13 | . 13 . . Average 24 | 10 22 . 69 Maximum Alert Level 1 | . . . 1 Low Security (%) 94 | 100 100 100 75 Level 1 5 | . . . 24 Level 2 . | . . . . Level 3 . | . . . . Level 4 . | . . . . Level 5 . | . . . . High Security . | . . . . Max Security . | . . . . Squads Dispatched . | . . . . Investigation . | . . . . Extermination . | . . . . Reinforcement . | . . . . Assault . | . . . . Garrison . | . . . . Intercept . | . . . . Searches Triggered . | . . . . Construction Impeded . | . . . . Haulers Reinforced . | . . . . Active Scanning Responses . | . . . . Cargo Convoy Interrupts . | . . . . Stealth | -11 -10 -10 -9 --------- Run | Yrd Mat Min Mat Distress Signals 1 | . . . 1 Communications Jammed . | . . . . Distress Signals . | . . . . Times Spotted 20 | . 4 . 16 Peak Tracking Total 9 | . 2 . 9 Tactical Retreats . | . . . . Traps | -11 -10 -10 -9 ------- Run | Yrd Mat Min Mat Traps Triggered 1 | . 1 . . Indirectly . | . . . . Trap Hack Attempts . | . . . . Triggered . | . . . . Disarmed . | . . . . Reprogrammed . | . . . . Reused . | . . . . Traps Extracted . | . . . . Installed . | . . . . Triggered . | . . . . Machines | -11 -10 -10 -9 ---------- Run | Yrd Mat Min Mat Machines Disabled . | . . . . Max in Single Turn . | . . . . Machines Repaired . | . . . . Machines Dismantled . | . . . . Machines Sabotaged . | . . . . Overloaded Fab Kills . | . . . . Hacking | -11 -10 -10 -9 --------- Run | Yrd Mat Min Mat Machines Accessed 2 | . 1 . 1 Terminals . | . . . . Fabricators . | . . . . Repair Stations . | . . . . Recycling Units 1 | . 1 . . Scanalyzers 1 | . . . 1 Garrison Access . | . . . . Total Hacks 8 | . 6 . 2 Successful 8 | . 6 . 2 Failed . | . . . . Catastrophic . | . . . . Database Lockouts . | . . . . Manual . | . . . . Terminals . | . . . . Fabricators . | . . . . Repair Stations . | . . . . Recycling Units 6 | . 6 . . Scanalyzers 2 | . . . 2 Garrison Access . | . . . . Terminal Hacks . | . . . . Fabricator Hacks . | . . . . Repair Station Hacks . | . . . . Recycling Unit Hacks 6 | . 6 . . Recycle Component 3 | . 3 . . Report Inventory 1 | . 1 . . Retrieve Matter 1 | . 1 . . Retrieve Components 1 | . 1 . . Scanalyzer 2 | . . . 2 Insert Component 1 | . . . 1 Analyze 1 | . . . 1 Garrison Access Hacks . | . . . . Unauthorized Hacks . | . . . . Terminals . | . . . . Fabricators . | . . . . Repair Stations . | . . . . Recycling Units . | . . . . Scanalyzers . | . . . . Garrison Access . | . . . . Data Cores Recovered . | . . . . Used . | . . . . Hacking Detections 2 | . 1 . 1 Full Trace Events 1 | . 1 . . Feedback Events . | . . . . Feedback Blocked . | . . . . Robot Schematics Acquired . | . . . . Robots Built . | . . . . Authchips . | . . . . Time . | . . . . Total Robot Build Rating . | . . . . Part Schematics Acquired 1 | . . . 1 Parts Built . | . . . . Authchips . | . . . . Time . | . . . . Total Part Build Rating . | . . . . Parts Repaired . | . . . . Time . | . . . . Parts Recycled 3 | . 3 . . Recycled Matter . | . . . . Retrieved Matter . | . . . . Retrieved Components . | . . . . Parts Scanalyzed 1 | . . . 1 Part Schematics Acquired 1 | . . . 1 Parts Damaged . | . . . . Bothacking | -11 -10 -10 -9 ------------ Run | Yrd Mat Min Mat Used RIF Installer . | . . . . Robots Hacked . | . . . . Non-combat . | . . . . Combat . | . . . . Robot Hacks Applied . | . . . . Relay Couplers Released . | . . . . Fabnet Peak Effective % . | . . . . Robots Rewired . | . . . . Allies Hacked . | . . . . Hacks Repelled . | . . . . Allies | -11 -10 -10 -9 -------- Run | Yrd Mat Min Mat Total Allies . | . . . . Largest Group . | . . . . Highest-Rated Group . | . . . . Highest-Rated Ally . | . . . . Total Orders . | . . . . Ally Attacks . | . . . . Total Damage . | . . . . Kills . | . . . . Allies Corrupted . | . . . . Allies Melted . | . . . . Intel | -11 -10 -10 -9 ------- Run | Yrd Mat Min Mat Robot Analysis Total . | . . . . Derelict Logs Recovered 1 | . . 1 . Drone Launches . | . . . . Drone Recoveries . | . . . . Exploration | -11 -10 -10 -9 ------------- Run | Yrd Mat Min Mat Turns Passed 1606 | 375 422 435 374 Spaces Moved 932 | 209 256 270 197 Core 8 | 8 . . . Treads 924 | 201 256 270 197 Legs . | . . . . Wheels . | . . . . Hover . | . . . . Flight . | . . . . Fastest Speed 50 | 50 160 160 160 Average Speed 159 | 155 160 160 162 Slowest Speed 240 | 160 160 160 240 Overloaded Moves . | . . . . Propulsion Burnouts . | . . . . Robots Hopped . | . . . . Cave-ins Triggered . | . . . . Exploration Rate (%) 27 | 9 34 50 16 Regions Visited 3 Branch Regions 1 Pre-discovered Areas . | . . . . Known Exits Taken . | . . . . Unknown Exits Taken 3 | 1 1 1 . Scrap Searched . | . . . . Spaces Dug . | . . . . Terrain Destroyed 84 | . . . 84 Melee . | . . . . Projectile . | . . . . AOE 84 | . . . 84 Terrain Rammed . | . . . . Walls Destroyed . | . . . . Machines Disabled . | . . . . Actions | -11 -10 -10 -9 --------- Run | Yrd Mat Min Mat Total 1004 | 243 265 272 224 Wait 1 | . 1 . . Move 929 | 208 255 269 197 Hop . | . . . . Pick Up 13 | 8 3 1 1 Fast Attach . | . . . . Attach 8 | 7 . . 1 Detach . | . . . . Swap 3 | 1 . 1 1 Drop 2 | 1 . . 1 Fire 30 | 6 1 . 23 Melee . | . . . . Ram . | . . . . Kick . | . . . . Crush 18 | 12 5 1 . Escape Stasis . | . . . . Rewire . | . . . . Trap . | . . . . Miscellaneous . | . . . . Route ------- -11/Scrapyard -10/Materials -10/Mines -9/Materials History --------- Turn | Location | Event 3 | -11/Scrapyard | Discovered new exit (range 15) 376 | -11/Scrapyard | Entered Materials 377 | -10/Materials | Build established: Mutant 751 | -10/Materials | Discovered new exit (range 14) 798 | -10/Materials | Entered Mines 805 | -10/Mines | Received a Rocket Launcher from a helpful Derelict 1055 | -10/Mines | Learned Materials interactive machine intel 1209 | -10/Mines | Discovered new exit (range 12) 1233 | -10/Mines | Entered Materials 1233 | -9/Materials | Evolved 2 slots: Propulsion x2 1234 | -9/Materials | Loaded intel: 18 interactive machine locations 1607 | -9/Materials | Self-destructed Last Messages --------------- U-05 Engineer destroyed. Destroyed Hover Unit. Y-45 Defender destroyed. U-05 Engineer builds a Wall. U-05 Engineer lays Concrete. U-05 Engineer builds a Wall. The unstable cave ceiling collapses. U-05 Engineer lays Concrete. U-05 Engineer builds a Wall. Lgt. Treads destroyed. The unstable cave ceiling collapses. U-05 Engineer builds a Wall. U-05 Engineer lays Concrete. U-05 Engineer builds a Wall. Rocket Launcher destroyed. K-01 Serf collects debris. Imp. Terrain Scanner destroyed. U-05 Engineer lays Concrete. U-05 Engineer builds a Wall. K-01 Serf collects debris. Map ----- +----------------------------------------------------+ | ???????????????????????? ??####### #????# #???? | | ????????????????????????????####### #????# #?#?? | | ????????????????????????????# # #????# ##??? | | ????????????????????????#???# # #????# #?#?# | | ????????????????????#???????#""" # #????#+##### | | ????????????????????????????#""" + +????# | | ????????????????????????????#""" # #? ??# | | ????????????????????????#?#?# # #????# [= | | ????????????????????????????# # #????# [! | | ????????????????????????????####### ##+### [ | | ????????????????????????????# * + # = | | ???????????????????????#????# # + | | ?????????????????????? ??## # # = | | ?????????????????????????##?#""" ######## # | | ???????????????????????" ??##""" #???#??# # """ | | ?????????????#????????"?????#""" #?#???## # """ | | ???????????????????? ?????## ##?#???# # """ | | ??????????????? ??#???????### ###??????# # | | ???????????????????????#??# # ###????# ###### | | ??????????????????######### ###??## #?????? | | ??????????????????# = ! %* ######## #????#? | | ??????????????????# = #??? | | ???""??????????? ?# ####### ???? | | ??""S?????????????# #? ??????? | | ??""??????????# # ### # # #? ? ????? | | ??????????????# *%@ # # #### """ #? ??????? | | ??????????????# g%! [w[ u + """ #? ??????? | | ??????????? g* =%= ###### """ #????????? | | ???????????## # w # ## #????????? | | ??????????????## k #? # ???????? | | ?????????????? w # #### ###??###+#????????? | | ?????????????""" #### # !!!??????? ???????? | | ??????????????"" ????# # !!!#??????? ??????? | | ??????????????"" ?????# + !!!#???? ??? ??????? | | ?????????????? ???#??# # #???????????????? | | ??????????????#????#??# # #????? ? ???????? | | ??????????????? ??????k # #???????????????? | | ?????????????????????? ########???????????????? | | ????????????????????? ???????????????????????? | | ?????????????????????? ??????#????????????????? | | ????????T????????????? ???????????????????????? | | ?????????????????????????????????????????????????? | | ?????????????????????????????????????????????????? | | ?????????????????????????????????????????????????? | | ?"""?????????????????????????????????????????????? | | ?"T"?????????????????????????????????????????????? | | ?????????????????????????????????????????????????? | | ?????????????????????????????????????????????????? | | ?????????????????????????????????????????????????? | | ?????????????????????????????????????????????????? | +----------------------------------------------------+ Best States ------------- Heat Dissipation 28 Energy Generation 10 Energy Capacity 250 Matter Stores 300 Matter Capacity 300 Sight Range 16 Terrain Scan Range 16 Terrain Scan Density 10 Evasion (%) 40 Recoil Reduction 2 Item Schematics ----------------- Med. Laser | -9/Materials | Scanalyzed Robot Schematics ------------------ None Fabricated ------------ Nothing Alien Tech Used ----------------- None Achievements -------------- None Challenges ------------ None Game ------ Seed KineticOmegaFlamer Manual? 0 Play Time 00:13:28 Cumulative 1.7 hours Start 2024.04.01 @ 20:35:19 End 2024.04.01 @ 20:45:38 Sessions 1 Manual Loads 0 Difficulty Rogue Special Mode None Game No. 4 Rogue 4 Adventurer 0 Explorer 0 Win Type - Total 0 Types 0/0/0/0/0/0/0/0/0 Lore% 6 Gallery% 4 Achievement% 6 Wizard Run 0 Options --------- Layout 1 ASCII 0 Keyboard 0 Movement Arrows Keybinds 0 Fullscreen 1 Font 24/Smallcaps Map View 50x35 Zoom Use 0% Tactical HUD 0 Map Filters NONE Filters NONE Steam 1 RUN: 524413b8-006b-4c88-83f5-9731d91aa298